 Dungeon Crawl Stone Soup version 0.22.0-21-g8bd1b0a (webtiles) character file.

93 ubloh the Shield-Bearer (level 4, 0/37 HPs)
             Began as a Formicid Fighter on Aug 19, 2018.
             Slain by a gnoll
             ... wielding a +0 club
              (7 damage)
             ... on level 1 of the Dungeon.
             The game lasted 00:04:47 (1042 turns).

ubloh the Shield-Bearer (Formicid Fighter)          Turns: 1042, Time: 00:04:48

Health: 0/37       AC:  6    Str: 21    XL:     4   Next: 92%
Magic:  4/4        EV:  8    Int:  8    God:
Gold:   99         SH:  9    Dex: 10    Spells: 3/3 levels left

rFire    . . .     SeeInvis +   a - +0 war axe
rCold    . . .     Gourm    .   c - +0 shield
rNeg     . . .     Faith    .   b - +0 scale mail
rPois    .         Spirit   .   (helmet unavailable)
rElec    .         Reflect  .   (no cloak)
rCorr    .         Harm     .   (no gloves)
MR       .....                  (no boots)
Stlth    ..........             (no amulet)
HPRegen  0.12/turn              (no ring)
MPRegen  0.09/turn              (no ring)

@: no status effects
A: permanent stasis, dig shafts and tunnels, four strong arms, antennae 3
a: Dig, Shaft Self


You were on level 1 of the Dungeon.
You were not hungry.

You visited 1 branch of the dungeon, and saw 2 of its levels.

You collected 99 gold pieces.

Inventory:

Hand Weapons
 a - a +0 war axe (weapon)
Armour
 b - a +0 scale mail (worn)
 c - a +0 shield (worn)
Jewellery
 j - a +4 ring of protection {unknown}
Scrolls
 h - 3 scrolls of identify {unknown}
 l - a scroll of fog {unknown}
Potions
 d - 3 potions of might
 e - a potion of agility {unknown}
 i - a potion of curing {unknown}
 k - a potion of lignification {unknown}
Comestibles
 f - 3 rations
 g - 5 chunks of flesh


   Skills:
 + Level 3.8 Fighting
 * Level 3.3 Axes
 - Level 3.2 Armour
 * Level 4.8 Shields


You had 3 spell levels left.
You didn't know any spells.
Your spell library was empty.

Dungeon Overview and Level Annotations

Branches:
Dungeon (2/15)

Altars:


Innate Abilities, Weirdness & Mutations

You cannot be hasted, slowed, berserked, paralysed or teleported.
You can dig through walls and to a lower floor.
Your four strong arms can wield two-handed weapons with a shield.
You have a pair of large antennae on your head. (SInv)


Message History

* * * LOW HITPOINT WARNING * * *
There is a stone staircase leading up, spattered with blood here.
The gnoll hits you but does no damage.
You climb upwards.
There is a stone staircase leading down here.
You hit the gnoll.
The gnoll is severely wounded.
The gnoll closely misses you.
Your scale mail prevents you from hitting the gnoll.
The gnoll is severely wounded.
The gnoll hits you but does no damage.
You barely miss the gnoll.
The gnoll is severely wounded.
The gnoll barely misses you.
You closely miss the gnoll.
The gnoll is severely wounded.
The gnoll hits you with a club.
* * * LOW HITPOINT WARNING * * *
The gnoll hits you with a club!
You die...

#........#........#
#.....)...........#
#(................# #
####..............# #
#..............# #
###..............# #
#................# #
#..........).....#######
#......@g........'.....#
#...#####........#####.#
#...# ######..## ##.#
#...# #..#####... #...#
#.....##... #####
#...#.##...
########...#.##...
#..........#.##...
#.###.###.##.##...


You could see a gnoll.

Vanquished Creatures
  2 gnolls (D:2)
  2 adders (D:2)
  An ooze (D:1)
  A worm (D:2)
  A dart slug (D:1)
  2 leopard geckos
  4 giant cockroaches
  6 goblins
  8 hobgoblins
  6 kobolds
  2 quokkas (D:2)
  A bat (D:1)
  2 frilled lizards (D:1)
  4 rats
42 creatures vanquished.

Notes
Turn   | Place    | Note
-------+----------+-------------------------------------------
     0 | D:1      | ubloh the Formicid Fighter began the quest for the Orb.
     0 | D:1      | Reached XP level 1. HP: 18/18 MP: 1/1
   140 | D:1      | Reached XP level 2. HP: 21/24 MP: 2/2
   193 | D:1      | Reached skill level 4 in Shields
   321 | D:1      | Reached XP level 3. HP: 28/29 MP: 3/3
   841 | D:2      | Reached XP level 4. HP: 32/37 MP: 4/4
  1042 | D:1      | Slain by a gnoll

Skill      XL: |  1  2  3 |
---------------+----------+-----
Shields        | 4 |  4.8
Axes           | 3 |  3.3
Fighting       | |  3.8
Armour         | |  3.2

Action                   |  1- 3 |  4- 6 || total
-------------------------+-------+-------++-------
Melee: War axe           |   112 |    24 ||   136
  Eat: Chunk             |       |     1 ||     1
Armor: Scale mail        |    44 |    12 ||    56
Dodge: Dodged            |    45 |    13 ||    58
Block: Shield            |    70 |    14 ||    84
